 Dungeon Crawl Stone Soup version 0.31-a0-1547-g618ab1f346 (webtiles) character file.

Game seed: 10554198732147670897

55 Dirtsage the Changeling (level 3, -3/24 HPs)
             Began as an Octopode Shapeshifter on Jan 2, 2024.
             Killed from afar by Sigmund (8 damage)
             ... with a puff of flame
             ... on level 2 of the Dungeon.
             The game lasted 00:01:45 (1084 turns).

Dirtsage the Changeling (Octopode Shapeshifter)     Turns: 1084, Time: 00:01:45

Health: -3/24      AC:  1    Str: 13    XL:     3   Next: 93%
Magic:  3/3        EV: 13    Int: 12    God:
Gold:   109        SH:  0    Dex: 13    Spells: 2/2 levels left

rFire   . .          .
                       - Unarmed
rCold   . . .        (no shield)
rNeg    . . .        (helmet currently unavailable)
rPois   .            (no amulet)
rElec   .            (no ring)
rCorr   .            (no ring)
SInv    .            (no ring)
Will    .....        (no ring)
Stlth   ++           (no ring)
HPRegen 0.24/turn    (no ring)
MPRegen 0.08/turn    (no ring)
                     (no ring)

%: no passive effects
@: beast-form
A: beast (slay +2), almost no armour, amphibious, 8 rings, camouflage 1,
gelatinous body 1, (nimble swimmer 1), tentacles
a: Begin Untransformation


You were on level 2 of the Dungeon.
You were a hulking beast.
You visited 1 branch of the dungeon, and saw 2 of its levels.

You collected 109 gold pieces.

Inventory:

Talismans
 b - a beast talisman
 c - a flux talisman
Scrolls
 e - 2 scrolls of noise {unknown}
 f - a scroll of poison {unknown}
Potions
 a - a potion of lignification
 d - a potion of degeneration {unknown}
 g - a potion of attraction {unknown}


   Skills:
 + Level 1.7 Fighting
 + Level 2.5 Dodging
 + Level 3.3 Unarmed Combat
 * Level 3.6 Shapeshifting


You had 2 spell levels left.
You didn't know any spells.
Your spell library was empty.

Dungeon Overview and Level Annotations

Branches:
Dungeon (2/15)

Altars:

Annotations:
D:2 Sigmund


Innate Abilities, Weirdness & Mutations

You are a hulking beast.
Your limbs bulge with bestial killing power. (Slay +2)
You cannot wear most types of armour.
You are amphibious.
You can wear up to eight rings at the same time.
Your skin changes colour to match your surroundings (Stealth+).
Your rubbery body absorbs attacks. (AC +1, EV +1)
((You are camouflaged when in or above water. (Stealth+)))
You have tentacles for arms and can constrict up to eight enemies at once.


Message History

The endoplasm hits you.
You tentacle-slap the endoplasm.
The endoplasm is moderately wounded.
The endoplasm freezes you.
You are frozen.
You take 1 damage, and have 18/24 hp.
You tentacle-slap the endoplasm.
You kill the endoplasm!
No target in view!
No target in view!
Done exploring.
Health restored: 24 No target in view!
There is a stone staircase leading down here.
You climb downwards.
There is a stone staircase leading up here.
Sigmund is nearby!
You see here 12 gold pieces.
Sigmund points at you and mumbles some strange words.
The magic dart hits you.
You take 6 damage, and have 18/24 hp.
MASSIVE DAMAGE!!
Sigmund hits you with a +0 scythe.
You take 3 damage, and have 15/24 hp.
You closely miss Sigmund. You grab Sigmund. You squeeze Sigmund!
Sigmund is heavily wounded.
You constrict Sigmund. You tentacle-slap Sigmund.
Sigmund is severely wounded.
You constrict Sigmund, but do no damage.
Sigmund gestures at you while chanting. The puff of flame hits you!
* * * LOW HITPOINT WARNING * * *
You take 11 damage, and have 5/24 hp.
MASSIVE DAMAGE!!
You tentacle-slap Sigmund.
Sigmund is severely wounded.
You constrict Sigmund.
Sigmund points at you and mumbles some strange words.
The puff of flame hits you!
You die...
Sigmund begins carving another notch in his scythe.

## ### . ##.# #.#
...#.$.## #.#
........###.#
.......<.##.########
..........$.h@......
...#........##...###
. #..#####.# ##.#
#.# .... #. #..#.# #
...##.. .#... #.#
##... .#


You could see Sigmund.

Vanquished Creatures
  2 gnolls (D:1)
  A ribbon worm (D:1)
  2 endoplasms (D:1)
  2 giant cockroaches (D:1)
  3 goblins (D:1)
  A hobgoblin (D:1)
  10 jackals (D:1)
  A quokka (D:1)
  2 ball pythons (D:1)
  3 kobolds (D:1)
  A rat (D:1)
28 creatures vanquished.

Notes
Turn   | Place    | Note
-------+----------+-------------------------------------------
     0 | D:1      | Dirtsage the Octopode Shapeshifter began the quest for the
                  | Orb.
     0 | D:1      | Reached XP level 1. HP: 13/13 MP: 1/1
    68 | D:1      | Reached XP level 2. HP: 17/18 MP: 2/2
   142 | D:1      | Reached XP level 3. HP: 10/23 MP: 3/3
  1076 | D:2      | Noticed Sigmund
  1084 | D:2      | Killed from afar by Sigmund

Illustrated notes

Levels and vault maps discovered:
D:1:      dpeg_arrival_brainrot, layout_basic, chequers_big_river,
          supply_closet_lemuel
D:2:      layout_loops_ring, serial_shops, nicolae_shop_back_alley_shop,
          shapermc_ecumenical_altar_totnotflames, basic_altar,
          minmay_gold_behind_fungi, fountainhead, minmay_crystal_room,
          uniq_sigmund, uniq_crazy_yiuf_cottage, uniq_natasha, uniq_robin

Action                     || total
---------------------------++-------
  Melee: Unarmed           ||    69
         Constrict         ||    15
         Tentacles         ||    13
         Punch             ||     1
   Stab: Sleeping          ||     5
 Armour: Skin              ||    23
  Dodge: Dodged            ||    45

Table legend: (Time is in decaauts)
 A = Elapsed time spent in this place.
 B = Non-inter-level travel time spent in this place.
 C = Inter-level travel time spent in this place.
 D = Time resting spent in this place.
 E = Time spent auto-exploring this place.
 F = Levels seen in this place.
 G = Mean time per level.
                   A        B        C        D        E       F      G
               +--------+--------+--------+--------+--------+-----+--------+
         Total |   1079 |   1073 |      6 |      0 |    914 |   2 |  539.5 |
       Dungeon |   1079 |   1073 |      6 |      0 |    914 |   2 |  539.5 |
               +--------+--------+--------+--------+--------+-----+--------+

Top non-repeatable levels by time:
     D:1: 1072 daAuts
     D:2: 7 daAuts
